 Dungeon Crawl Stone Soup version 0.31-a0-202-g547052bce9 (webtiles) character file.

Game seed: 5431563172487786806

527 gelatine the Grave Robber (level 7, -5/50 HPs)
             Began as a Demonspawn Necromancer on June 26, 2023.
             Slain by a wraith (10 damage)
             ... in an ossuary.
             The game lasted 00:18:45 (4223 turns).

gelatine the Grave Robber (Demonspawn Necromancer)  Turns: 4223, Time: 00:18:46

Health: -5/50      AC:  6    Str:  8    XL:     7   Next: 3%
Magic:  13/13      EV: 12    Int: 18    God:
Gold:   197        SH:  0    Dex: 14    Spells: 6/14 levels left

rFire   + + .        A - +4 quarterstaff (chaos)
rCold   + . .        (shield currently unavailable)
rNeg    + . .        v - +2 robe "Qiherr" {rF+}
rPois   +            y - +1 hat
rElec   +            t - +0 cloak
rCorr   +            (no gloves)
SInv    +            m - +0 pair of boots
Will    .....        l - amulet of magic regeneration
Stlth   ++           h - ring of see invisible
HPRegen 0.28/turn    w - ring of positive energy
MPRegen 0.53/turn

%: random rage (3%)
@: resistant, attractive, slowed, very slow
A: powered by pain 1, demonic magic 1, weakness stinger 2, horns 1, berserk 1,
deformed body
a: no special abilities


You were in an ossuary.
You visited 1 branch of the dungeon, and saw 5 of its levels.
You also visited: Ossuary.

You collected 197 gold pieces.

Inventory:

Hand Weapons
 A - a +4 quarterstaff of chaos (weapon)
Armour
 m - a +0 pair of boots (worn)
 t - a +0 cloak (worn)
 v - the +2 robe "Qiherr" (worn) {rF+}
   (You found it on level 4 of the Dungeon)

   rF:        It protects you from fire.
 y - a +1 hat (worn)
Magical Staves
 c - a staff of conjuration
Jewellery
 h - a ring of see invisible (left hand)
 l - an amulet of magic regeneration (around neck)
 r - a ring of ice
 w - a ring of positive energy (right hand)
Scrolls
 a - a scroll of enchant weapon
 e - 3 scrolls of fear {unknown}
 g - 3 scrolls of teleportation
 i - a scroll of acquirement {unknown}
 p - a scroll of fog {unknown}
 q - 3 scrolls of enchant armour {unknown}
 z - a scroll of butterflies {unknown}
 B - 2 scrolls of vulnerability {unknown}
 C - a scroll of identify
 D - a scroll of poison {unknown}
 E - a scroll of silence {unknown}
Potions
 b - 3 potions of magic
 f - 2 potions of brilliance
 u - a potion of attraction


   Skills:
 * Level 2.0 Fighting
 + Level 1.0 Staves
 * Level 2.3 Dodging
 + Level 2.4 Stealth
 * Level 4.0 Spellcasting
 * Level 1.5 Conjurations
 * Level 6.2 Necromancy
 * Level 2.1 Evocations


You had 6 spell levels left.
You knew the following spells:

 Your Spells              Type           Power      Damage    Failure   Level
a - Necrotise             Necr           100%       1d9       1%          1
b - Vampiric Draining     Necr           26%        2d7       3%          3
c - Animate Dead          Necr           26%        N/A       11%         4

Your spell library contained the following spells:

 Spells                   Type           Power      Damage    Failure   Level
 Agony                    Necr           26%        N/A       30%         5


Dungeon Overview and Level Annotations

Branches:
Dungeon (5/15)             Temple (0/1) D:5         Ossuary (1/1)

Altars:
Ashenzari
Wu Jian
Yredelemnul

Shops:
D:1 ?


Innate Abilities, Weirdness & Mutations

You sometimes gain a little power by taking damage.
Spells you cast may paralyse adjacent enemies.
You have a tail ending in a sharp stinger.
You have a pair of small horns on your head.
You sometimes lose your temper in combat.
Armour fits poorly on your strangely shaped body.


Message History

The wraith closely misses you. The wraith hits you but does no damage.
You sock the wraith! You freeze the wraith.
You headbutt the wraith, but do no damage.
The wraith is moderately damaged.
The wraith hits you.
You hit the wraith.
The wraith is heavily damaged.
The wraith is no longer unusually resistant.
The wraith hits you! The wraith drains your vigour!
You feel yourself slow down.
You hit the wraith but do no damage. Your headbutt misses the wraith.
The wraith is heavily damaged.
The wraith hits you! The wraith hits you.
* * * LOW HITPOINT WARNING * * *
The wraith drains your vigour!
You feel as though you will be slow longer.
You hit the wraith.
The wraith is heavily damaged.
The wraith hits you!
* * * LOW HITPOINT WARNING * * *
The wraith hits you.
* * * LOW HITPOINT WARNING * * *
The wraith drains your vigour!
You feel as though you will be slow longer.
You barely miss the wraith.
You headbutt the wraith, but do no damage.
Your tail-slap misses the wraith.
The wraith is heavily damaged.
The wraith barely misses you. The wraith misses you.
You sock the wraith!
The wraith is almost destroyed.
The wraith hits you but does no damage.
You closely miss the wraith.
You headbutt the wraith, but do no damage.
The wraith is almost destroyed.
The wraith barely misses you. x2
You barely miss the wraith. You headbutt the wraith.
The wraith is almost destroyed.
The wraith hits you!
You die...

### #....................... #W#
#..####.......###....... ### #..#
+....8...#.#...8... ##.##
#..####.......#'#.......
##...###.............#.#.......
##.....##.......................
##...∩...'..####..####.....####..
W#.......'..#.'.W.#.'...8...'.#..
##...∩...'..####@.####.....####..
##.....##.......................
##...###.............#.#.......
##.## #..####.......#'#.......
### #..#.'....8...#.#...8... #W#
#..####.......###....... ###
#.......................
#........#.#..#.#..#.#..
#..####..#'#..#'#..#+#..


You could see a wraith.

Vanquished Creatures
  Eustachio (D:5)
  A bullfrog (D:4)
  Crazy Yiuf (D:4)
  An orc priest (D:4)
  A sleepcap (D:5)
  Terence (D:3)
  An orc wizard (D:4)
  3 mummies
  3 adders
  A worm (D:3)
  2 dart slugs
  An orc (D:4)
  8 bats
  6 endoplasms
  2 giant cockroaches (D:3)
  12 hobgoblins
  8 jackals
  7 kobolds
  4 quokkas
  7 ball pythons
  6 goblins
  5 goblin zombies
  6 hobgoblin zombies
  4 kobold zombies (Ossuary)
  6 rats
98 creatures vanquished.

Vanquished Creatures (collateral kills)
  A white imp (D:4)
  A dart slug (D:1)
  2 goblins
  A jackal (D:1)
  4 frilled lizards
  A rat (D:1)
10 creatures vanquished.

Grand Total: 108 creatures vanquished

Notes
Turn   | Place    | Note
-------+----------+-------------------------------------------
     0 | D:1      | gelatine the Demonspawn Necromancer began the quest for the
                  | Orb.
     0 | D:1      | Reached XP level 1. HP: 13/13 MP: 3/3
   142 | D:1      | Discovered your monstrous ancestry.
   142 | D:1      | Gained mutation: You have a small tail. [demonic ancestry]
   142 | D:1      | Reached XP level 2. HP: 12/19 MP: 0/5
   209 | D:1      | Found Kyghuvov's Magic Scroll Boutique.
   422 | D:1      | Reached skill level 5 in Necromancy
   843 | D:1      | Gained mutation: Spells you cast may paralyse adjacent
                  | enemies. [demonic ancestry]
   843 | D:1      | Reached XP level 3. HP: 25/25 MP: 0/6
  1419 | D:1      | Found a faded altar of an unknown god.
  1615 | D:2      | Learned a level 3 spell: Vampiric Draining
  2156 | D:2      | Reached XP level 4. HP: 26/31 MP: 3/7
  2384 | D:2      | Found a basalt altar of Yredelemnul.
  2471 | D:3      | Reached skill level 1 in Evocations
  2660 | D:3      | Noticed Terence
  2679 | D:3      | Killed Terence
  2680 | D:3      | Reached skill level 1 in Fighting
  2988 | D:4      | Reached XP level 5. HP: 27/37 MP: 6/9
  3168 | D:4      | Identified the +2 robe "Qiherr" {rF+}
  3256 | D:4      | Found a broken altar of Ashenzari.
  3302 | D:4      | Reached skill level 1 in Conjurations
  3302 | D:4      | Gained mutation: You have a tail ending in a sharp stinger.
                  | [demonic ancestry]
  3302 | D:4      | Reached XP level 6. HP: 40/43 MP: 4/11
  3491 | D:4      | Found an ornate altar of the Wu Jian Council.
  3557 | D:4      | Learned a level 4 spell: Animate Dead
  3606 | D:4      | Found a runed translucent door.
  3607 | D:4      | Noticed Crazy Yiuf
  3614 | D:4      | Killed Crazy Yiuf
  3651 | D:5      | Entered Level 5 of the Dungeon
  3685 | D:5      | Noticed Eustachio
  3695 | D:5      | Killed Eustachio
  3696 | D:5      | Reached skill level 6 in Necromancy
  3700 | D:5      | Found a sand-covered staircase.
  3743 | Ossuary  | Entered an ossuary
  3743 | Ossuary  | Noticed a wraith
  3743 | Ossuary  | Noticed a wraith
  3743 | Ossuary  | Noticed a wraith
  3934 | Ossuary  | Gained mutation: You sometimes gain a little power by
                  | taking damage. [demonic ancestry]
  3934 | Ossuary  | Reached XP level 7. HP: 32/50 MP: 13/13
  4046 | Ossuary  | Reached skill level 1 in Staves
  4180 | Ossuary  | Noticed a wraith
  4190 | Ossuary  | HP: 1/50 [wraith (12)]
  4209 | Ossuary  | Gained mutation: Armour fits poorly on your strangely
                  | shaped body. [potion of mutation]
  4209 | Ossuary  | Gained mutation: You sometimes lose your temper in combat.
                  | [potion of mutation]
  4209 | Ossuary  | Gained mutation: You have a pair of small horns on your
                  | head. [potion of mutation]
  4223 | Ossuary  | Slain by a wraith

Illustrated notes

Levels and vault maps discovered:
D:1:      scummos_arrival_gate, layout_basic, chequers_ecumenical_altar_grove,
          serial_shops, nicolae_diamond_shop
D:2:      layout_basic, basic_altar
D:3:      layout_rooms, minmay_between, uniq_terence
D:4:      layout_basic, ashenzari_conservatory_becter, nzn_wu_jian_council_hall,
          minmay_misc_feat_tiny, hangedman_decor_peaks_small,
          uniq_crazy_yiuf_cottage
D:5:      layout_rooms, minmay_temple_entry_trees,
          gammafunk_ghost_nasty_kobolds, nicolae_ossuary_entry_giza,
          grunt_ministairs_9, columned_hall_lemuel, uniq_grinder,
          uniq_eustachio, uniq_prince_ribbit1
Ossuary:  ossuary_kennysheep_city_of_the_dead

Skill      XL: |  1  2  3  4  5  6  7 |
---------------+----------------------+-----
Necromancy     | 5 6 |  6.2
Evocations     | 1 2 |  2.1
Fighting       | 1 2 |  2.0
Stealth        | 2 |  2.4
Spellcasting   | 3 4 |  4.0
Dodging        | 2 |  2.3
Conjurations   | 1 |  1.5
Staves         | 1 |  1.0

Action                     |  1- 3 |  4- 6 |  7- 9 || total
---------------------------+-------+-------+-------++-------
  Melee: Staff             |    19 |    22 |       ||    41
         Tailslap          |     2 |     9 |     3 ||    14
         Quarterstaff      |       |    38 |    25 ||    63
         Headbutt          |       |       |     4 ||     4
   Cast: Necrotise         |    76 |    73 |       ||   149
         Vampiric Draining |     1 |     9 |       ||    10
         Animate Dead      |       |     1 |       ||     1
    Use: Scroll            |       |     4 |       ||     4
         Potion            |       |       |    11 ||    11
   Stab: Paralysed         |     3 |     8 |       ||    11
         Distracted        |       |     1 |       ||     1
         Sleeping          |       |     1 |     1 ||     2
         Petrifying        |       |       |     1 ||     1
 Armour: Robe              |     9 |    15 |    12 ||    36
  Dodge: Dodged            |    19 |    38 |    28 ||    85

Table legend: (Time is in decaauts)
 A = Elapsed time spent in this place.
 B = Non-inter-level travel time spent in this place.
 C = Inter-level travel time spent in this place.
 D = Time resting spent in this place.
 E = Time spent auto-exploring this place.
 F = Levels seen in this place.
 G = Mean time per level.
                   A        B        C        D        E       F      G
               +--------+--------+--------+--------+--------+-----+--------+
         Total |   4259 |   4104 |    155 |      0 |   3276 |   6 |  709.8 |
       Dungeon |   3750 |   3595 |    155 |      0 |   2946 |   5 |  750.0 |
       Ossuary |    509 |    509 |      0 |      0 |    330 |   1 |  509.0 |
               +--------+--------+--------+--------+--------+-----+--------+

Top non-repeatable levels by time:
     D:1: 1519 daAuts
     D:2: 895 daAuts
     D:4: 715 daAuts
     D:3: 524 daAuts
 Ossuary: 509 daAuts
     D:5: 94 daAuts
